 Dungeon Crawl Stone Soup version 0.31-a0-881-ge136f0c47a (webtiles) character file.

Game seed: 18107462010978619226

270 ragingrage the Slasher (level 6, 0/35 HPs)
             Began as a Tengu Warper on Oct 15, 2023.
             Killed from afar by a white imp (14 damage)
             ... with a puff of frost
             ... on level 4 of the Dungeon.
             The game lasted 00:03:21 (3309 turns).

ragingrage the Slasher (Tengu Warper)               Turns: 3309, Time: 00:03:22

Health: 0/35       AC:  6    Str: 23    XL:     6   Next: 22%
Magic:  10/10      EV: 26    Int: 13    God:
Gold:   164        SH:  0    Dex: 16    Spells: 4/9 levels left

rFire   . . .        a - +0 falchion
rCold   . . .        (no shield)
rNeg    . . .        o - +0 ring mail
rPois   .            (helmet restricted)
rElec   .            (no cloak)
rCorr   .            p - +0 pair of gloves
SInv    .            (boots unavailable)
Will    .....        (no amulet)
Stlth   +            f - +6 ring of strength
HPRegen 0.25/turn    l - +6 ring of strength
MPRegen 0.12/turn

%: acrobat
@: acrobatic
A: beak, talons 3, acrobatic
a: no special abilities


You were on level 4 of the Dungeon.
You visited 1 branch of the dungeon, and saw 4 of its levels.

You collected 164 gold pieces.

Inventory:

Hand Weapons
 a - a +0 falchion (weapon)
 b - a +1 dagger of venom
Missiles
 d - 6 darts of dispersal (quivered)
 v - 2 throwing nets
Armour
 o - a +0 ring mail (worn)
 p - a +0 pair of gloves (worn)
Jewellery
 f - a +6 ring of strength (left hand)
 l - a +6 ring of strength (right hand)
Scrolls
 c - a scroll of blinking
 j - 2 scrolls of teleportation
 n - 2 scrolls of fear
 q - a scroll of poison {unknown}
 r - a scroll of immolation {unknown}
 s - a scroll of vulnerability {unknown}
Potions
 e - a potion of invisibility {unknown}
 g - 2 potions of heal wounds
 h - a potion of might {unknown}
 i - a potion of curing {unknown}
 k - 2 potions of berserk rage {unknown}
 m - a potion of haste {unknown}
 t - a potion of brilliance {unknown}
 u - a potion of magic {unknown}


   Skills:
 - Level 2.0 Fighting
 + Level 6.6 Long Blades
 - Level 1.0 Throwing
 - Level 1.1 Armour
 - Level 2.1 Dodging
 - Level 2.0 Spellcasting
 - Level 2.4 Translocations
 + Level 2.1 Air Magic


You had 4 spell levels left.
You knew the following spells:

 Your Spells              Type           Power      Damage    Failure   Level
a - Blink                 Tloc           14%        N/A       22%         2
b - Swiftness             Air            6%         N/A       43%         3

Your spell library contained the following spells:

 Spells                   Type           Power      Damage    Failure   Level
 Lesser Beckoning         Tloc           14%        N/A       22%         2
 Shock                    Conj/Air       16%        1d4       26%         1
 Teleport Other           Tloc           7%         N/A       41%         3
 Manifold Assault         Tloc           7%         N/A       83%         4
 Vhi's Electric Charge    Tloc/Air       14%        N/A       83%         4
 Airstrike                Air            3%         2d(1-17)  85%         4


Dungeon Overview and Level Annotations

Branches:
Dungeon (4/15)
 Temple: D:4-7

Altars:

Annotations:
D:1 exclusion: 2 downstairs


Innate Abilities, Weirdness & Mutations

You have a beak for a mouth.
You have claws for feet.
You can magically evade attacks while moving or waiting.


Message History

You kill the hound!
The giant cockroach bites you but does no damage.
Your Air Magic skill increases to level 2!
You hit the giant cockroach. The giant cockroach closely misses you.
You hit the giant cockroach.
You kill the giant cockroach!
No target in view!
You see here a giant cockroach corpse.
There is a stone staircase leading down here.
You climb downwards.
There is a stone staircase leading up here.
Unknown command.
Found a stone staircase leading down.
A white imp and a shadow imp come into view.
The white imp shouts!
You hear a shout!
Your +1 dagger of venom stops dripping with poison.
a - a +0 falchion (weapon)
You start waiting.
A shadow imp is nearby!
You hit the shadow imp. Your peck misses the shadow imp.
The shadow imp gestures at you. Pain shoots through your body!
You are too injured to fight recklessly!
You are too injured to fight recklessly!
The white imp gestures at you. The puff of frost hits you.
You barely miss the shadow imp. The shadow imp closely misses you.
You hit the shadow imp but do no damage.
You claw the shadow imp. Your peck misses the shadow imp.
The shadow imp lashes its tail.
The shadow imp gestures at you. Pain shoots through your body!
You closely miss the shadow imp. The shadow imp barely misses you.
You closely miss the shadow imp. You claw the shadow imp.
You kill the shadow imp!
The white imp gestures at you. The puff of frost hits you.
The white imp gestures at you. The puff of frost hits you!
You die...

##### .##..#. #..§§
.#....... 5.P♣#
#.......># P♣..#
##.........## .5.##
##.......[...### ....#
...............##
#...#
................###..#
.............##.@5#..#
.............####...##
.............# ###..#
.....<.......# ##..#
#............# ##..
.............# ....
.###.......### ...
####.#### .. ###


You could see a white imp.

Vanquished Creatures
  A hound (D:3)
  An orc priest (D:3)
  An orc wizard (D:3)
  6 gnolls
  7 adders
  A shadow imp (D:4)
  2 dart slugs
  2 orcs (D:3)
  4 bats
  6 endoplasms
  4 giant cockroaches
  A goblin (D:1)
  3 hobgoblins
  4 quokkas
  7 ball pythons
  A frilled lizard (D:1)
  5 kobolds
  4 rats
60 creatures vanquished.

Notes
Turn   | Place    | Note
-------+----------+-------------------------------------------
     0 | D:1      | ragingrage the Tengu Warper began the quest for the Orb.
     0 | D:1      | Reached XP level 1. HP: 12/12 MP: 4/4
   119 | D:1      | You fall into a shaft and drop 1 floor!
   233 | D:2      | Reached skill level 3 in Long Blades
   233 | D:2      | Reached XP level 2. HP: 17/17 MP: 6/6
   285 | D:2      | Reached XP level 3. HP: 12/21 MP: 7/7
   523 | D:1      | Reached skill level 4 in Long Blades
  1366 | D:1      | Reached XP level 4. HP: 14/26 MP: 8/8
  1627 | D:2      | Reached skill level 5 in Long Blades
  2219 | D:3      | Learned a level 2 spell: Blink
  2526 | D:3      | Reached XP level 5. HP: 22/30 MP: 9/9
  2613 | D:3      | Reached skill level 6 in Long Blades
  2734 | D:3      | Learned a level 3 spell: Swiftness
  2781 | D:2      | Reached skill level 1 in Air Magic
  2900 | D:3      | Reached XP level 6. HP: 34/35 MP: 10/10
  2954 | D:3      | Found a faded altar of an unknown god.
  3309 | D:4      | Killed from afar by a white imp

Illustrated notes

Levels and vault maps discovered:
D:1:      lightli_arrival_isolated_outpost, layout_basic
D:2:      layout_loops_corners, grunt_ministairs_10,
          chequers_serial_rivers_room_a, minivault_26
D:3:      layout_basic, hellmonk_ecumenical_altar_run_dry,
          kennysheep_minor_cross, serial_park_tiny_1
D:4:      layout_cave_pods, mainiacjoe_overflow_six_doors_small, serial_demonic,
          serial_demonic_b, serial_demonic_d, serial_demonic_b,
          serial_demonic_b, serial_demonic_g, uniq_ijyb

Skill      XL: |  1  2  3  4  5  6 |
---------------+-------------------+-----
Long Blades    | 3 4 5 6 |  6.6
Air Magic      | 1 2 |  2.1
Fighting       | |  2.0
Throwing       | |  1.0
Armour         | |  1.1
Dodging        | |  2.1
Spellcasting   | |  2.0
Translocations | |  2.4

Action                     |  1- 3 |  4- 6 || total
---------------------------+-------+-------++-------
  Melee: Falchion          |    64 |    18 ||    82
         Peck              |    13 |    10 ||    23
         Kick              |    13 |    32 ||    45
         Dagger            |       |    80 ||    80
         Punch             |       |     2 ||     2
  Throw: Dart              |     1 |       ||     1
    Use: Scroll            |     2 |     2 ||     4
 Armour: Leather armour    |    23 |       ||    23
         Ring mail         |     5 |    59 ||    64
  Dodge: Dodged            |    63 |    55 ||   118

Table legend: (Time is in decaauts)
 A = Elapsed time spent in this place.
 B = Non-inter-level travel time spent in this place.
 C = Inter-level travel time spent in this place.
 D = Time resting spent in this place.
 E = Time spent auto-exploring this place.
 F = Levels seen in this place.
 G = Mean time per level.
                   A        B        C        D        E       F      G
               +--------+--------+--------+--------+--------+-----+--------+
         Total |   3317 |   3073 |    244 |    452 |   2057 |   4 |  829.2 |
       Dungeon |   3317 |   3073 |    244 |    452 |   2057 |   4 |  829.2 |
               +--------+--------+--------+--------+--------+-----+--------+

Top non-repeatable levels by time:
     D:2: 1342 daAuts
     D:1: 1119 daAuts
     D:3: 818 daAuts
     D:4: 37 daAuts
